cohdb
Replays
Latest Replays
All Replays
Popular Replays
Top Player Replays
Match Explorer
How It Works
Community
CoH3 Stats
Reddit
Sign in to upload your games and track your stats! →
Sign in with Steam
Match 36254984
Unlisted
Match 36254984
Overview
Messages
Build Orders
End
Selects Armored Battlegroup
Selects Veteran Crews
Construct Barracks
1⁄4-ton 4x4 Truck
Riflemen Squad
Riflemen Squad
Engineer Squad
Mechanized Support Center
Grenade Package
Construct Weapon Support Center
M3 75 mm Gun Motor Carriage
Construct Medical Station
Selects Field Repairs
M1919 Machine Gun Team
M1918 Browning Automatic Rifles
Construct Tank Depot
Riflemen Squad
M4A1 Sherman Medium Tank
Selects War Machine
Dahlian
Tango
Turtleboy
GoonLord
Imperiale
SchnellSchuh5000
Madfox
Bananenratte
0
0
Comments
sign in to comment!
No comments posted yet!